 Dungeon Crawl Stone Soup version 0.19.0-22-gd96e5fe (webtiles) character file.

295 tomat the Cudgeler (level 6, 0/47 HPs)
             Began as a Draconian Wanderer on Nov 19, 2016.
             Was a Follower of Sif Muna.
             Slain by a shadow imp (2 damage)
             ... summoned by Eustachio
             ... on level 4 of the Dungeon.
             The game lasted 00:18:23 (3399 turns).

tomat the Cudgeler (Draconian Wanderer)             Turns: 3399, Time: 00:18:23

Health: 0/47       AC:  9    Str: 19 (20) XL:     6   Next: 11%
Magic:  9/9        EV:  9    Int:  7 (10) God:    Sif Muna [*.....]
Gold:   183        SH:  0    Dex:  6 (9)  Spells: 1 memorised, 8 levels left

rFire  . . .     SeeInvis .     j - +1 spear (pierce)
rCold  . . .     Gourm    .     (armour unavailable)
rNeg   . . .     Faith    +     (no shield)
rPois  .         Spirit   .     (helmet restricted)
rElec  .         Reflect  .     (no cloak)
rCorr  .         Harm     .     (no gloves)
MR     .....                    (no boots)
Stlth  +.........               m - amulet of faith
                                p - +3 ring of protection
                                i - -2 ring of evasion

@: about to teleport
A: unfitting armour, cold-blooded, AC +6
a: Divine Energy, Renounce Religion


You were on level 4 of the Dungeon.
You worshipped Sif Muna.
Sif Muna was aware of your devotion.
You were not hungry.

You visited 1 branch of the dungeon, and saw 4 of its levels.

You collected 183 gold pieces.

Inventory:

Hand Weapons
 a - a +2 mace
 j - a +1 spear of piercing (weapon)
Missiles
 o - 8 poisoned javelins (quivered)
Jewellery
 i - a -2 ring of evasion (left hand)
 m - an amulet of faith (around neck)
 p - a +3 ring of protection (right hand)
 q - an uncursed amulet of guardian spirit
Scrolls
 c - 6 scrolls of teleportation
 f - 5 scrolls of identify
 g - a scroll of noise
 n - a scroll of immolation
Potions
 s - a potion of flight {unknown}
 t - a potion of berserk rage {unknown}
Books
 b - the Volume of Black Rituals

   Spells                             Type                      Level
   a - Animate Skeleton               Necromancy                   1
   b - Vampiric Draining              Necromancy                   3
 k - a book of Alchemy

   Spells                             Type                      Level
   a - Sublimation of Blood           Necromancy                   2
   b - Ignite Poison                  Fire/Transmutation/Poison    3
   c - Petrify                        Transmutation/Earth          4
   d - Alistair's Intoxication        Transmutation/Poison         5
   e - Irradiate                      Conjuration/Transmutation    5
Comestibles
 d - 3 bread rations
 h - 2 beef jerkies
 l - 2 royal jellies
 r - 3 fruits
 u - a slice of pizza


   Skills:
 + Level 1.2 Fighting
 + Level 6.2 Maces & Flails
 + Level 3.0 Polearms
 + Level 1.0 Throwing
 + Level 1.5 Dodging
 + Level 1.0 Stealth
 + Level 2.0 Spellcasting
 + Level 0.8 Necromancy
   Level 1.0 Transmutations
   Level 1.0 Poison Magic
   Level 1.0 Evocations


You had 8 spell levels left.
You knew the following spells:

 Your Spells              Type           Power        Failure   Level  Hunger
a - Animate Skeleton      Necr           N/A          30%         1    ##.....


Dungeon Overview and Level Annotations

Branches:
Dungeon (4/15)
 Temple: D:4-7

Altars:
Elyvilon
Sif Muna

Annotations:
D:4 Eustachio


Innate Abilities, Weirdness & Mutations

Your plain brown scales are hard. (AC +6)
You cannot fit into any form of body armour.
You are cold-blooded and may be slowed by cold attacks.


Message History

The white imp disappears in a puff of smoke!
The river rat completely misses you.
The crimson imp blinks!
Your surroundings seem slightly different.
The crimson imp hits you but does no damage.
As you read the scroll labeled BELUAH BAUF, it crumbles to dust.
You feel as if something is helping you.
It was a scroll of remove curse.
Eustachio casts a spell.
The crimson imp blinks!
Okay, then.
The crimson imp disappears in a puff of smoke!
The shadow imp misses you.
As you read the scroll of teleportation, it crumbles to dust.
You feel strangely unstable. Eustachio barely misses you.
The river rat bites you but does no damage.
The ufetubus disappears in a puff of smoke!
Eustachio yells, "Perjured traitor, DIE!"
Eustachio gestures wildly while chanting.
Eustachio blinks!
The shadow imp hits you.
You die...

############ #..........#
#..........# #..........#
#......>....
######.#.###########
#>...#.#.##........#
#..<...#.##...§.r..######
#...........@5.r§.......#
#....#.......r.....#.####
#....#.............#.#
####.#...@........<(.##
#.#.............#..###
#.#.÷...........#....#.
#(#)))..........##..##.###
#.#÷)..............###..(.
#)....############ #.###


You could see Eustachio, 2 river rats, a shadow imp and a quokka.

Vanquished Creatures
  An ogre (D:4)
  An orc priest (D:3)
  Terence (D:2)
  A worker ant (D:4)
  Robin (D:4)
  2 adders
  A dart slug (D:1)
  5 leopard geckos
  3 orcs (D:3)
  3 giant cockroaches
  12 goblins
  10 hobgoblins
  4 jackals (D:2)
  A quokka (D:2)
  A ball python (D:1)
  4 bats
  4 frilled lizards
  A jackal skeleton (D:4)
  3 kobolds (D:1)
  10 rats
  A fungus (D:1)
70 creatures vanquished.

Vanquished Creatures (collateral kills)
  2 adders
  4 goblins
  2 hobgoblins
  2 bats
  A kobold (D:3)
11 creatures vanquished.

Grand Total: 81 creatures vanquished

Notes
Turn   | Place    | Note
-------+----------+-------------------------------------------
     0 | D:1      | tomat the Draconian Wanderer began the quest for the Orb.
     0 | D:1      | tomat set off with: a +2 mace, the Volume of Black Rituals, a scroll of teleportation, a bread ration
     0 | D:1      | Reached XP level 1. HP: 14/14 MP: 2/2
   662 | D:1      | Reached XP level 2. HP: 20/20 MP: 3/3
  1072 | D:2      | Identified the Volume of Black Rituals
  1074 | D:2      | Learned a level 1 spell: Animate Skeleton
  1097 | D:2      | Reached XP level 3. HP: 26/26 MP: 4/4
  1213 | D:2      | Found a white marble altar of Elyvilon.
  1213 | D:2      | Found a deep blue altar of Sif Muna.
  1218 | D:2      | Became a worshipper of Sif Muna the Loreminder
  1232 | D:2      | Noticed Terence
  1259 | D:2      | Killed Terence
  1259 | D:2      | Reached skill level 6 in Maces & Flails
  1581 | D:2      | Reached XP level 4. HP: 33/33 MP: 5/5
  2055 | D:3      | Reached skill level 1 in Polearms
  2364 | D:3      | Reached XP level 5. HP: 38/39 MP: 6/6
  2700 | D:4      | Noticed an ogre
  2707 | D:4      | Reached skill level 1 in Dodging
  2960 | D:4      | Noticed an ogre
  2972 | D:4      | Killed an ogre
  2972 | D:4      | Reached skill level 1 in Fighting
  2972 | D:4      | Reached skill level 1 in Stealth
  2976 | D:4      | Reached XP level 6. HP: 27/47 MP: 8/8
  2992 | D:4      | Noticed Robin
  3021 | D:4      | Reached * piety under Sif Muna
  3026 | D:4      | Killed Robin
  3318 | D:4      | Noticed Eustachio
  3391 | D:4      | HP: 1/47 [white imp[Eustachio] (4)]
  3399 | D:4      | Slain by a shadow imp

Skill      XL: |  1  2  3  4  5  6 |
---------------+-------------------+-----
Maces & Flails | 6 |  6.2
Polearms       | 1 2 3 |  3.0
Dodging        | 1 |  1.5
Fighting       | 1 |  1.2
Stealth        | 1 |  1.0
Spellcasting   | 2 |  2.0
Throwing       | |  1.0
Necromancy     | |  0.8
Transmutations | |  1.0
Poison Magic   | |  1.0
Evocations     | |  1.0

Action                   |  1- 3 |  4- 6 || total
-------------------------+-------+-------++-------
Melee: Mace              |    57 |       ||    57
       Tailslap          |     8 |    22 ||    30
       Spear             |    50 |   184 ||   234
Throw: Javelin           |       |     2 ||     2
 Cast: Animate Skeleton  |     3 |    14 ||    17
  Use: Scroll            |     2 |     8 ||    10
       Potion            |     2 |     1 ||     3
 Stab: Sleeping          |     1 |       ||     1
  Eat: Chunk             |     2 |     4 ||     6
       Bread ration      |       |     1 ||     1
Armor: Skin              |    43 |    91 ||   134
Dodge: Dodged            |    51 |    94 ||   145
